 Dungeon Crawl Stone Soup version 0.23-a0-359-g9beedce (webtiles) character file.

493 lemonriz the Changer (level 6, -4/52 HPs)
             Began as a Draconian Transmuter on Oct 23, 2018.
             Slain by an orc warrior
             ... wielding a +0 short sword
              (17 damage)
             ... on level 6 of the Dungeon.
             The game lasted 00:03:37 (2847 turns).

lemonriz the Changer (Draconian Transmuter)         Turns: 2847, Time: 00:03:37

Health: -4/52      AC:  2    Str: 12    XL:     6   Next: 92%
Magic:  4/9        EV: 19    Int: 15    God:
Gold:   198        SH:  3    Dex: 17    Spells: 3/9 levels left

rFire    . . .     SeeInvis .     - Unarmed
rCold    . . .     Gourm    .   (shield currently unavailable)
rNeg     . . .     Faith    .   (armour unavailable)
rPois    x         Spirit   .   (helmet currently unavailable)
rElec    .         Reflect  +   (cloak currently unavailable)
rCorr    .         Harm     .   (gloves currently unavailable)
MR       .....                  (boots currently unavailable)
Stlth    ++........             f - +3 amulet of reflection
HPRegen  0.17/turn              (no ring)
MPRegen  0.11/turn              (no ring)

@: spider-form (expiring), very slightly contaminated
A: tiny, unfitting armour, AC +6
a: End Transformation


You were on level 6 of the Dungeon.
You were not hungry.
You were a venomous arachnid creature.
You visited 1 branch of the dungeon, and saw 6 of its levels.

You collected 198 gold pieces.

Inventory:

Hand Weapons
 d - a +0 whip of electrocution (melded)
Missiles
 a - 111 arrows
Jewellery
 f - a +3 amulet of reflection (around neck)
Scrolls
 e - a scroll of identify
 h - 4 scrolls of remove curse {unknown}
 l - a scroll of brand weapon {unknown}
Potions
 g - a potion of brilliance {unknown}
 i - a potion of curing {unknown}
 j - 2 potions of flight {unknown}
 k - a potion of mutation {unknown}
Comestibles
 c - 5 rations


   Skills:
 + Level 4.0 Fighting
 - Level 1.7 Dodging
 + Level 4.6 Unarmed Combat
 - Level 2.0 Spellcasting
 * Level 5.4 Transmutations


You had 3 spell levels left.
You knew the following spells:

 Your Spells              Type           Power        Failure   Level  Hunger
a - Beastly Appendage     Tmut           ###...       9%          1    #......
b - Sticks to Snakes      Tmut           ###.....     12%         2    ###....
c - Spider Form           Tmut/Pois      #.........   43%         3    ###....

Your spell library contained the following spells:

 Spells                   Type           Power        Failure   Level  Hunger
 Blade Hands              Tmut           ###.......   75%         5    ######.
 Ice Form                 Ice/Tmut       #.......     78%         4    #####..


Dungeon Overview and Level Annotations

Branches:
Dungeon (7/15)
 Temple: D:4-7

Altars:
Dithmenos
Elyvilon
Hepliaklqana
Trog
Xom


Innate Abilities, Weirdness & Mutations

((Your plain brown scales are hard. (AC +6)))
You cannot fit into any form of body armour.
((You are cold-blooded and may be slowed by cold attacks.))


Message History

The iguana is moderately wounded.
The orc warrior hits you with a +0 short sword!
The iguana barely misses you.
You hit the iguana.
The iguana is poisoned.
The iguana is severely wounded.
The orc wizard barely misses you. The orc warrior completely misses you.
The iguana misses you.
You barely miss the orc warrior.
The orc warrior is severely wounded.
The orc wizard misses you.
The orc warrior hits you with a +0 short sword!!
* * * LOW HITPOINT WARNING * * *
The iguana barely misses you.
The orc wizard hits you but does no damage.
You hit the iguana.
The iguana looks as sick as possible!
The iguana is almost dead.
The orc wizard misses you.
The orc warrior shouts loudly.
The orc warrior hits you with a +0 short sword!
You die...

# #. ..
#.### #.ls#
###ooo.....
##oS.....
.......
..#....
..##... ###
#.. ..


You could see an orc warrior, an iguana, an orc wizard, 2 orcs and a ball
python.

Vanquished Creatures
  Sigmund (D:2)
  An orc warrior (D:7)
  2 centaur skeletons (D:4)
  A bullfrog skeleton (D:3)
  Natasha (D:2)
  6 adders
  An ooze (D:2)
  2 worms (D:2)
  A leopard gecko (D:3)
  5 orcs
  4 bats
  4 giant cockroaches
  12 goblins
  6 hobgoblins
  8 kobolds
  A quokka (D:3)
  3 frilled lizards
  10 rats
69 creatures vanquished.

Notes
Turn   | Place    | Note
-------+----------+-------------------------------------------
     0 | D:1      | lemonriz the Draconian Transmuter began the quest for the
                  | Orb.
     0 | D:1      | Reached XP level 1. HP: 16/16 MP: 3/3
   354 | D:1      | Reached XP level 2. HP: 15/23 MP: 5/5
   364 | D:1      | Learned a level 2 spell: Sticks to Snakes
   389 | D:1      | HP: 1/23 [goblin/+0 club (3)]
  1021 | D:2      | Reached XP level 3. HP: 25/29 MP: 6/6
  1023 | D:2      | Reached skill level 3 in Transmutations
  1034 | D:2      | Learned a level 3 spell: Spider Form
  1169 | D:2      | Noticed Sigmund
  1194 | D:2      | Killed Sigmund
  1194 | D:2      | Reached skill level 4 in Transmutations
  1194 | D:2      | Reached XP level 4. HP: 13/38 MP: 2/7
  1194 | D:2      | Reached XP level 5. HP: 16/45 MP: 2/8
  1537 | D:2      | Noticed Natasha
  1545 | D:2      | Killed Natasha
  1633 | D:2      | Found a shimmering altar of Xom.
  1634 | D:2      | Found a hazy altar of Hepliaklqana.
  1634 | D:2      | Noticed a wyvern
  1635 | D:2      | Noticed a wyvern
  1635 | D:2      | Noticed a spectral ugly thing
  1648 | D:2      | Found a shadowy altar of Dithmenos.
  1869 | D:3      | Found a bloodstained altar of Trog.
  1915 | D:3      | Reached XP level 6. HP: 51/51 MP: 9/9
  2091 | D:3      | Found a white marble altar of Elyvilon.
  2308 | D:3      | Found a faded altar of an unknown god.
  2400 | D:4      | Reached skill level 5 in Transmutations
  2511 | D:4      | You fall through a shaft for 3 floors!
  2541 | D:7      | Noticed an orc warrior
  2571 | D:7      | Killed an orc warrior
  2835 | D:6      | Noticed an orc warrior
  2847 | D:6      | Slain by an orc warrior

Vault maps used:
D:1:      minmay_arrival_split_and_join
D:2:      cheibrodos_helix_gallery, regret_index_temple_of_mockery,
          nicolae_overflow_crystal_walls, minmay_misc_feat_doors, uniq_natasha,
          uniq_sigmund
D:3:      old_standard_altar, lemuel_round_altar,
          chequers_ecumenical_altar_lobes, first_ration
D:4:      serial_glass, glass_columns_c, glass_columns_b,
          minmay_strange_pillars, item_on_display_a, item_on_display_a,
          minmay_strange_pillars, chequers_garden
D:6:      ebering_ghost_reflecting_pool, uniq_blork_the_orc
D:7:      grunt_livestock

Skill      XL: |  1  2  3  4  5  6 |
---------------+-------------------+-----
Transmutations | 4 5 |  5.4
Fighting       | 3 4 |  4.0
Unarmed Combat | 4 |  4.6
Dodging        | |  1.7
Spellcasting   | |  2.0

Action                   |  1- 3 |  4- 6 || total
-------------------------+-------+-------++-------
Melee: Unarmed           |    23 |    30 ||    53
       Whip              |    66 |   110 ||   176
       Tailslap          |     7 |     7 ||    14
       Kick              |     1 |       ||     1
       Punch             |     1 |     1 ||     2
 Cast: Beastly Appendage |     2 |       ||     2
       Spider Form       |     2 |     2 ||     4
       Sticks to Snakes  |     1 |       ||     1
  Use: Scroll            |       |     3 ||     3
  Eat: Chunk             |     1 |     6 ||     7
Armor: Skin              |    30 |    31 ||    61
Dodge: Dodged            |    54 |    96 ||   150
Block: Other             |       |     2 ||     2

Table legend:
 A = Non-vault XP
 B = Vault XP
 C = Vault XP percentage of total XP
 D = Non-vault monster count
 E = Vault monster count
 F = Vault count percentage of total count
                 A         B        C        D         E       F
            +---------+---------+-------+---------+---------+-------
      Total |     444 |     261 |  37.0 |      65 |       4 |   5.8
            +---------+---------+-------+---------+---------+-------
        D:1 |      34 |       0 |   0.0 |      20 |       0 |   0.0
        D:2 |      62 |     261 |  80.8 |      18 |       4 |  18.2
        D:3 |     115 |       0 |   0.0 |      19 |       0 |   0.0
        D:4 |      85 |       0 |   0.0 |       3 |       0 |   0.0
        D:7 |     148 |       0 |   0.0 |       5 |       0 |   0.0
            +---------+---------+-------+---------+---------+-------
